 Dungeon Crawl Stone Soup version 0.30-a0-23-ge60ba3568b (webtiles) character file.

Game seed: 14984046236455986095

678 ytrimaz the Covert (level 7, 0/43 HPs)
             Began as an Octopode Transmuter on Aug 25, 2022.
             Slain by a centaur (2 damage)
             ... on level 5 of the Dungeon.
             The game lasted 00:04:31 (3826 turns).

ytrimaz the Covert (Octopode Transmuter)            Turns: 3826, Time: 00:04:32

Health: 0/43       AC:  1    Str:  8 (9)  XL:     7   Next: 60%
Magic:  9/10       EV: 13    Int: 17 (18) God:
Gold:   239        SH:  0    Dex: 17 (18) Spells: 3/10 levels left

rFire   . . .      SeeInvis .      - Unarmed
rCold   . . .      Faith    .    (no shield)
rNeg    + . .      Spirit   .    (helmet currently unavailable)
rPois   .          Reflect  .    c - amulet of regeneration
rElec   .          Harm     .    e - ring of positive energy
rCorr   .          Rampage  .    h - +6 ring of dexterity
Will    .....                    k - ring of flight
Stlth   +++++.....               (no ring)
HPRegen 0.94/turn                (no ring)
MPRegen 0.12/turn                (no ring)
                                 (no ring)
                                 (no ring)

@: appendages, flying
A: tentacle spike 3, almost no armour, amphibious, 8 rings, camouflage 1,
gelatinous body 1, (nimble swimmer 1), tentacles
a: End Transformation


You were on level 5 of the Dungeon.
One of your tentacles had grown a beastly spike.
You visited 1 branch of the dungeon, and saw 5 of its levels.

You collected 239 gold pieces.

Inventory:

Jewellery
 c - an amulet of regeneration (around mantle)
 e - a ring of positive energy (left tentacle)
 h - a +6 ring of dexterity (right tentacle)
 k - a ring of flight (on tentacle)
 o - a ring of protection from fire
 p - a ring of ice
Wands
 d - a wand of acid (13)
 i - a wand of charming (9)
Scrolls
 f - a scroll of immolation
 g - a scroll of fog
 m - a scroll of teleportation
 n - a scroll of fear {unknown}
Potions
 a - a potion of attraction {unknown}
 b - 2 potions of brilliance
 j - 2 potions of might
 l - 2 potions of curing


   Skills:
 - Level 1.0 Fighting
 - Level 2.0 Dodging
 * Level 8.3 Stealth
 + Level 6.0 Unarmed Combat
 - Level 2.0 Spellcasting
 - Level 2.0 Transmutations
 - Level 0.9 Ice Magic


You had 3 spell levels left.
You knew the following spells:

 Your Spells              Type           Power      Damage    Failure   Level
a - Beastly Appendage     Tmut           16%        N/A       9%          1
b - Wereblood             Tmut           8%         N/A       13%         2
c - Ice Form              Ice/Tmut       6%         N/A       71%         4

Your spell library contained the following spells:

 Spells                   Type           Power      Damage    Failure   Level
 Freeze                   Ice            16%        1d4       13%         1
 Frozen Ramparts          Ice            8%         1d2       36%         3
 Ozocubu's Armour         Ice            4%         N/A       36%         3
 Spider Form              Tmut/Pois      5%         N/A       36%         3
 Stone Arrow              Conj/Erth      2%         3d7       50%         3
 Hailstorm                Conj/Ice       3%         3d3       85%         4
 Metabolic Englaciation   Hex/Ice        1%         N/A       99%         5
 Conjure Ball Lightning   Conj/Air       0%         3x3d6     100%        6
 Simulacrum               Ice/Necr       1%         N/A       100%        6
 Discord                  Hex            0%         N/A       100%        8
 Disjunction              Tloc           0%         N/A       100%        8
 Lehudib's Crystal Spear  Conj/Erth      0%         10d2      100%        8
 Animate Armour           Summ/Erth      Unusable   N/A       N/A         4

Dungeon Overview and Level Annotations

Branches:
Dungeon (5/15)
 Temple: D:4-7

Altars:
Gozag
Makhleb
Uskayaw


Innate Abilities, Weirdness & Mutations

One of your tentacles has grown a beastly spike.
You cannot wear most types of armour.
You are amphibious.
You can wear up to eight rings at the same time.
Your skin changes colour to match your surroundings (Stealth+).
Your rubbery body absorbs attacks. (AC +1, EV +1)
((You are camouflaged when in or above water. (Stealth+)))
You have tentacles for arms and can constrict up to eight enemies at once.


Message History

Your tentacle spike disappears.
HP restored.
Found an escape hatch in the floor and an escape hatch in the ceiling.
You pick up a book of Frost and begin reading...
You add the spells Freeze, Frozen Ramparts and Hailstorm to your library.
There is an escape hatch in the floor here.
There is a stone staircase leading down here.
Found a leather armour.
n - a scroll labelled ROADA TETEGG No target in view!
One of your tentacles grows a vicious spike.
You pick up a book of Chaos and begin reading...
You add the spells Conjure Ball Lightning, Disjunction and Discord to your library.
Found a sling and a shiny agate ring.
Your transformation is almost over.
Okay, then.
You see here a +0 leather armour.
o - a ring of protection from fire Your tentacle spike disappears.
You see here a +0 leather armour.
You now have 239 gold pieces (gained 6).
You see here a +0 leather armour.
You see here a +0 sling.
p - a ring of ice A centaur comes into view.
A centaur is nearby!
The centaur shouts!
The centaur wields a +1 shortbow of flaming.
It bursts into flame!
The centaur shoots an arrow.
The arrow hits you. The arrow burns you.
One of your tentacles grows a vicious spike.
The centaur shoots an arrow.
The arrow hits you! The arrow burns you.
The centaur shoots an arrow.
The arrow hits you!
* * * LOW HITPOINT WARNING * * *
The arrow burns you.
* * * LOW HITPOINT WARNING * * *
You are too injured to fight recklessly!
The centaur unwields a +1 shortbow of flaming.
It stops flaming.
The centaur hits you.
You die...

#.......#...
#.#........#
...###.....###..#
#.....#...# #..#
.#.###.##)###..# ♣.
##.⌠.##.##..#####.
##.#.####..........
##.#.#.#.#...[######
#.⌠@###.⌠.#.........
#.#c#.#.#.#..#.######
#.#.# #.####.##.#
#.8.# ⌠.##.###.######
##.# ##.#..........
..# ..#..#########
##. .... # ..# #


You could see a centaur.

Vanquished Creatures
  A water moccasin (D:5)
  An ice beast (D:3)
  A phantom (D:4)
  2 necrophages (D:4)
  A scorpion (D:4)
  A hound (D:4)
  A hound skeleton (D:4)
  9 adders
  2 worms
  3 dart slugs
  2 orcs (D:4)
  7 endoplasms
  8 giant cockroaches
  5 goblins
  10 hobgoblins
  10 jackals
  8 kobolds
  4 quokkas
  9 ball pythons
  4 bats
  4 frilled lizards
  6 rats
99 creatures vanquished.

Notes
Turn   | Place    | Note
-------+----------+-------------------------------------------
     0 | D:1      | ytrimaz the Octopode Transmuter began the quest for the
                  | Orb.
     0 | D:1      | Reached XP level 1. HP: 13/13 MP: 3/3
   136 | D:1      | Reached skill level 1 in Stealth
   138 | D:1      | Reached XP level 2. HP: 7/18 MP: 3/5
   712 | D:1      | Reached XP level 3. HP: 23/23 MP: 6/6
   715 | D:1      | Learned a level 2 spell: Wereblood
   737 | D:1      | Reached skill level 2 in Stealth
  1170 | D:2      | Found an opulent altar of Gozag.
  1416 | D:2      | Reached XP level 4. HP: 22/28 MP: 5/7
  1474 | D:2      | Reached skill level 3 in Stealth
  1963 | D:2      | Reached XP level 5. HP: 25/33 MP: 6/8
  2093 | D:2      | Learned a level 4 spell: Ice Form
  2165 | D:3      | Found a faded altar of an unknown god.
  2190 | D:3      | Found a hide-covered altar of Uskayaw.
  2245 | D:3      | Noticed an ice beast
  2279 | D:3      | Reached skill level 4 in Stealth
  2601 | D:3      | Killed an ice beast
  2602 | D:3      | Reached skill level 5 in Stealth
  2602 | D:3      | Reached skill level 5 in Unarmed Combat
  2602 | D:3      | Reached XP level 6. HP: 38/38 MP: 9/9
  2908 | D:4      | Reached skill level 6 in Stealth
  3173 | D:4      | Reached skill level 7 in Stealth
  3173 | D:4      | Reached XP level 7. HP: 37/43 MP: 10/10
  3474 | D:4      | Found a burning altar of Makhleb.
  3647 | D:5      | Entered Level 5 of the Dungeon
  3686 | D:5      | Reached skill level 8 in Stealth
  3825 | D:5      | HP: 1/43 [centaur/arrow (6)]
  3826 | D:5      | Slain by a centaur

Illustrated notes

Levels and vault maps discovered:
D:1:      ncdulo_watergridlock, layout_basic, nicolae_figureground_sparkle
D:2:      layout_basic, basic_altar
D:3:      layout_rooms, general_overflow_altar, ebering_ecumenical_altar_hall
D:4:      layout_loops_ring, makhleb_blood_cavern_becter, kennysheep_potato
D:5:      layout_loops_ring, grunt_qazlal_clouds,
          minmay_temple_entry_mini_moons, grunt_decor_mini_mirrors,
          uniq_blork_the_orc

Skill      XL: |  1  2  3  4  5  6  7 |
---------------+----------------------+-----
Stealth        | 1 2 3 5 7 8 |  8.3
Unarmed Combat | 4 5 6 |  6.0
Fighting       | |  1.0
Dodging        | |  2.0
Spellcasting   | |  2.0
Transmutations | |  2.0
Ice Magic      | |  0.9

Action                   |  1- 3 |  4- 6 |  7- 9 || total
-------------------------+-------+-------+-------++-------
Melee: Unarmed           |    91 |   121 |    21 ||   233
       Tentacles         |    20 |    25 |     8 ||    53
       Constrict         |    28 |    26 |     4 ||    58
       Kick              |     7 |    24 |     9 ||    40
       Punch             |     2 |     3 |     4 ||     9
 Cast: Beastly Appendage |    23 |    32 |    12 ||    67
  Use: Scroll            |     2 |     5 |       ||     7
       Potion            |       |     5 |       ||     5
 Stab: Sleeping          |     6 |    18 |     4 ||    28
Armor: Skin              |     8 |     9 |     3 ||    20
Dodge: Dodged            |    61 |    69 |    10 ||   140

Table legend: (Time is in decaauts)
 A = Elapsed time spent in this place.
 B = Non-inter-level travel time spent in this place.
 C = Inter-level travel time spent in this place.
 D = Time resting spent in this place.
 E = Time spent auto-exploring this place.
 F = Levels seen in this place.
 G = Mean time per level.
                   A        B        C        D        E       F      G
               +--------+--------+--------+--------+--------+-----+--------+
         Total |   3804 |   3706 |     98 |    126 |   2729 |   5 |  760.8 |
       Dungeon |   3804 |   3706 |     98 |    126 |   2729 |   5 |  760.8 |
               +--------+--------+--------+--------+--------+-----+--------+

Top non-repeatable levels by time:
     D:1: 1165 daAuts
     D:2: 984 daAuts
     D:4: 796 daAuts
     D:3: 679 daAuts
     D:5: 178 daAuts
